 Dungeon Crawl Stone Soup version 0.21.1-1-g345015fe64 (webtiles) character file.

950 Gargoyl the Agent of Entropy (level 7, -5/59 HPs)
             Began as a Centaur Abyssal Knight on July 4, 2018.
             Was a Priest of Lugonu.
             Slain by an orc warrior
             ... wielding a +0 war axe
              (14 damage)
             ... on level 6 of the Dungeon.
             The game lasted 00:11:39 (7088 turns).

Gargoyl the Agent of Entropy (CeAK)                 Turns: 7088, Time: 00:11:39

Health: -5/59      AC: 12    Str: 15    XL:     7   Next: 90%
Magic:  10/10      EV:  5    Int: 11    God:    Lugonu [***...]
Gold:   245        SH:  0    Dex: 10    Spells: 6/6 levels left

rFire    . . .     SeeInvis .   j - +5 scythe (venom)
rCold    . . .     Gourm    .   (shield currently unavailable)
rNeg     . . .     Faith    .   s - +1 chain mail
rPois    .         Spirit   .   e - +2 helmet
rElec    .         Reflect  .   (no cloak)
rCorr    .         Harm     .   (no gloves)
MR       .....                  (no barding)
Stlth    ..........             (no amulet)
HPRegen  0.19/turn              (no ring)
MPRegen  0.12/turn              (no ring)

@: very quick
A: large, hooves 3, deformed body, speed 2, tough skin 3
a: Depart the Abyss, Bend Space, Banish, Renounce Religion


You were on level 6 of the Dungeon.
You worshipped Lugonu.
Lugonu was most pleased with you.
You were very hungry.

You visited 1 branch of the dungeon, and saw 6 of its levels.
You visited the Abyss 1 time.

You collected 245 gold pieces.

Inventory:

Hand Weapons
 a - a +1 hand axe
 j - a +5 scythe of venom (weapon)
Missiles
 i - 3 javelins (quivered)
Armour
 e - a +2 helmet (worn)
 s - a +1 chain mail (worn)
Jewellery
 b - a cursed ring of teleportation {unknown}
Scrolls
 d - 7 scrolls of identify
 f - a scroll of blinking
 k - 2 scrolls of teleportation
 o - 3 scrolls of holy word {unknown}
Potions
 c - a potion of agility {unknown}
 g - 4 potions of degeneration {unknown}
 h - 2 potions of flight
 m - a potion of berserk rage {unknown}
Books
 n - a book of Minor Magic

   Spells                             Type                      Level
   a - Magic Dart                     Conjuration                  1
   b - Blink                          Translocation                2
   c - Call Imp                       Summoning                    2
   d - Slow                           Hexes                        2
   e - Conjure Flame                  Conjuration/Fire             3
   f - Mephitic Cloud                 Conjuration/Poison/Air       3
Comestibles
 l - 3 rations


   Skills:
 + Level 4.2 Fighting
 + Level 3.4(4.1) Axes
 + Level 3.4(4.1) Polearms
 * Level 4.1 Armour
 + Level 1.7 Dodging
 * Level 4.2 Invocations


You had 6 spell levels left.
You didn't know any spells.

Dungeon Overview and Level Annotations

Branches:
Dungeon (6/15)             Temple (0/1) D:5

Altars:
Fedhas
Makhleb
Zin

Annotations:
D:4 Nattfarinn's ghost, amateur CeAM


Innate Abilities, Weirdness & Mutations

You have hooves in place of feet.
Armour fits poorly on your strangely shaped body.
You cover ground very quickly.
You have extremely tough skin. (AC +3)


Message History

The orc priest moves out of view.
An orc comes into view.
You barely miss the orc priest.
The orc priest hits you but does no damage.
You hit the orc warrior but do no damage.
The orc warrior is poisoned.
The orc priest calls down the wrath of Beogh upon you.
Beogh smites you!
The orc warrior hits you with a war axe!!
Your chain mail prevents you from hitting the orc warrior.
The orc warrior hits you but does no damage.
The orc warrior hits you with a war axe!
* * * LOW HITPOINT WARNING * * *
You closely miss the orc warrior. Your kick misses the orc warrior.
The orc warrior is lightly wounded.
The orc warrior hits you with a war axe!
* * * LOW HITPOINT WARNING * * *
You feel better.
The orc warrior hits you with a war axe!
You die...

#.......# #
#.#####.## #.
#.....#
###.##.###.######
[.................
#..###≈.(≈###...
#.#...#≈≈#...# #
#.⌠.#≈≈#.⌠.#
#@..#≈≈#...#
#oo###≈≈≈≈###..
#.o ≈≈≈≈≈ .. ....
≈≈≈≈≈. ##...
≈≈≈≈### ##.#
#≈≈#.. # #. ≈#.⌠
## #. #. #.


You could see an orc warrior and 2 orc priests.

Vanquished Creatures
  Sigmund (D:2)
  Eustachio (D:5)
  3 ogres
  2 crimson imps
  A jelly (D:6)
  A bullfrog skeleton (D:5)
  2 worker ants
  5 gnolls
  7 adders
  A shadow imp (D:5)
  An adder skeleton (D:4)
  4 worms
  4 dart slugs
  6 leopard geckos
  4 orcs
  6 giant cockroaches
  10 goblins
  9 hobgoblins
  6 jackals
  A quokka (D:4)
  A ball python (D:1)
  6 bats
  3 frilled lizards
  12 kobolds
  14 rats
111 creatures vanquished.

Notes
Turn   | Place    | Note
-------+----------+-------------------------------------------
     0 | Abyss:1  | Gargoyl the Centaur Abyssal Knight began the quest for the Orb.
     0 | Abyss:1  | Reached XP level 1. HP: 19/19 MP: 2/2
    48 | Abyss:1  | Found a corrupted altar of Lugonu.
   161 | Abyss:2  | Noticed an ice beast
   162 | D:1      | Escaped the Abyss
   200 | D:1      | Reached * piety under Lugonu
   244 | D:1      | Reached XP level 2. HP: 17/26 MP: 3/3
   977 | D:1      | Reached XP level 3. HP: 18/31 MP: 4/4
  1672 | D:2      | Found a blossoming altar of Fedhas.
  1700 | D:2      | Reached skill level 1 in Dodging
  1797 | D:2      | Reached ** piety under Lugonu
  1879 | D:2      | Reached XP level 4. HP: 38/38 MP: 5/5
  2111 | D:2      | Noticed Sigmund
  2134 | D:2      | Killed Sigmund
  2134 | D:2      | Reached XP level 5. HP: 31/45 MP: 5/7
  2861 | D:2      | Reached XP level 6. HP: 31/51 MP: 8/8
  3732 | D:3      | Reached skill level 1 in Polearms
  4215 | D:3      | Found a glowing silver altar of Zin.
  4529 | D:4      | Noticed Eustachio
  4807 | D:4      | Noticed Nattfarinn's ghost (amateur CeAM)
  4981 | D:5      | Entered Level 5 of the Dungeon
  5306 | D:4      | Found a burning altar of Makhleb.
  5342 | D:5      | HP: 1/52 [Eustachio/falchion of electrocution (9)]
  5354 | D:5      | Killed Eustachio
  5354 | D:5      | Reached XP level 7. HP: 4/58 MP: 7/9
  5374 | D:5      | Found a staircase to the Ecumenical Temple.
  6426 | D:5      | Reached *** piety under Lugonu
  7087 | D:6      | HP: 2/59 [orc warrior/war axe (14)]
  7088 | D:6      | Slain by an orc warrior

Skill      XL: |  1  2  3  4  5  6  7 |
---------------+----------------------+-----
Axes           | 2 3 |  3.4
Armour         | 2 3 4 |  4.1
Dodging        | 1 |  1.7
Invocations    | 3 4 |  4.2
Polearms       | 2 3 |  3.4
Fighting       | 4 |  4.2

Action                   |  1- 3 |  4- 6 |  7- 9 || total
-------------------------+-------+-------+-------++-------
Melee: Hand axe          |    93 |    22 |       ||   115
       Kick              |    15 |    26 |     7 ||    48
       Scythe            |       |   126 |    53 ||   179
Invok: Depart the Abyss  |     1 |       |       ||     1
       Bend Space        |       |     1 |       ||     1
  Use: Scroll            |     5 |     5 |       ||    10
       Potion            |     1 |     8 |     1 ||    10
  Eat: Ration            |     1 |     2 |       ||     3
       Chunk             |       |     2 |     3 ||     5
Armor: Leather armour    |    62 |    53 |       ||   115
       Skin              |       |     1 |       ||     1
       Chain mail        |       |    61 |    44 ||   105
Dodge: Dodged            |    54 |    86 |    14 ||   154
